 Dungeon Crawl Stone Soup version 0.23.1-37-gaa34b87b72 (webtiles) character file.

Game seed: 17003876402787450030

125 OdinFK the Firebug (level 4, -1/24 HPs)
             Began as a Deep Elf Fire Elementalist on Mar 20, 2019.
             Slain by a gnoll
             ... wielding a +0 club
              (7 damage)
             ... on level 3 of the Dungeon.
             The game lasted 00:06:40 (1747 turns).

OdinFK the Firebug (Deep Elf Fire Elementalist)     Turns: 1747, Time: 00:06:40

Health: -1/24      AC:  2    Str:  5    XL:     4   Next: 82%
Magic:  0/11       EV: 13    Int: 21    God:
Gold:   113        SH:  0    Dex: 15    Spells: 3/10 levels left

rFire    . . .     SeeInvis .   h - +0 dagger
rCold    . . .     Gourm    .   (no shield)
rNeg     . . .     Faith    .   a - +0 robe
rPois    .         Spirit   .   (no helmet)
rElec    .         Reflect  .   (no cloak)
rCorr    .         Harm     .   (no gloves)
MR       .....                  (no boots)
Stlth    ++........             (no amulet)
HPRegen  0.08/turn              (no ring)
MPRegen  0.12/turn              (no ring)

@: very slightly contaminated
A: no striking features
a: no special abilities


You were on level 3 of the Dungeon.
You were not hungry.

You visited 1 branch of the dungeon, and saw 3 of its levels.

You collected 113 gold pieces.

Inventory:

Hand Weapons
 h - a +0 dagger (weapon)
Armour
 a - a +0 robe (worn)
Scrolls
 b - 2 scrolls of fog {unknown}
 d - a scroll of teleportation {unknown}
 e - 2 scrolls of magic mapping {unknown}
 g - a scroll of enchant armour {unknown}
 j - 2 scrolls of remove curse {unknown}
 k - 3 scrolls of identify {unknown}
 p - a scroll of blinking {unknown}
 q - a scroll of immolation {unknown}
Potions
 f - 3 potions of curing
 i - 2 potions of berserk rage {unknown}
 l - a potion of lignification {unknown}
 m - a potion of ambrosia {unknown}
 o - 2 potions of brilliance {unknown}
Comestibles
 c - 4 rations
 n - 4 chunks of flesh


   Skills:
 + Level 0.5 Fighting
 + Level 0.1 Short Blades
 + Level 3.0 Dodging
 - Level 2.4 Stealth
 + Level 3.9 Spellcasting
 * Level 3.2 Conjurations
 + Level 4.3 Fire Magic


You had 3 spell levels left.
You knew the following spells:

 Your Spells              Type           Power        Failure   Level  Hunger
a - Flame Tongue          Conj/Fire      ###..        2%          1    None
b - Throw Flame           Conj/Fire      ###...       3%          2    #......
c - Sticky Flame          Conj/Fire      ###.....     26%         4    ####...

Your spell library contained the following spells:

 Spells                   Type           Power        Failure   Level  Hunger
 Conjure Flame            Conj/Fire      ###.....     8%          3    ###....
 Inner Flame              Hex/Fire       ##......     16%         3    ###....
 Fireball                 Conj/Fire      ###.......   56%         5    ######.


Dungeon Overview and Level Annotations

Branches:
Dungeon (3/15)

Altars:


Message History

Aiming: Flame Tongue (safe; 2% risk of failure)
Press: ? - help, Shift-Dir - straight line, f/p - gnoll
Aim: a gnoll, wielding a +0 spear (heavily wounded)
The flame tongue hits the gnoll.
You kill the gnoll!
Casting: Flame Tongue (safe; 2% risk of failure)
Confirm with . or Enter, or press ? or * to list all spells.
Aiming: Flame Tongue (safe; 2% risk of failure)
Press: ? - help, Shift-Dir - straight line, f - gnoll
Aim: a gnoll, wielding a +0 club The flame tongue hits the gnoll.
The gnoll is moderately wounded.
The gnoll closely misses you.
Casting: Flame Tongue (safe; 2% risk of failure)
Confirm with . or Enter, or press ? or * to list all spells.
Aiming: Flame Tongue (safe; 2% risk of failure)
Press: ? - help, Shift-Dir - straight line, f/p - gnoll
Aim: a gnoll, wielding a +0 club (moderately wounded)
The flame tongue misses the gnoll.
The gnoll hits you with a +0 club!
You die...

#.........#.รท..
#.).g...###.##
######.##..).....# #
#..)...##.##.##### #.
#......##.##.# #
.!.##......##.##.#####.
........?..##..........
..##..)...#####.#####.
#.@g...# #.# ##
#.###### #.# #.# #.#
..# #(# #### #.# .# ...
#


You could see a gnoll.

Vanquished Creatures
  A centaur zombie (D:3)
  3 gnolls (D:3)
  An adder (D:3)
  A worm (D:3)
  2 dart slugs (D:1)
  2 leopard geckos (D:1)
  4 bats
  A giant cockroach (D:1)
  6 goblins
  3 hobgoblins
  6 jackals (D:1)
  8 kobolds
  A frilled lizard (D:1)
  3 rats
42 creatures vanquished.

Notes
Turn   | Place    | Note
-------+----------+-------------------------------------------
     0 | D:1      | OdinFK the Deep Elf Fire Elementalist began the quest for
                  | the Orb.
     0 | D:1      | Reached XP level 1. HP: 10/10 MP: 6/6
   219 | D:1      | Reached XP level 2. HP: 15/15 MP: 2/8
   428 | D:1      | Learned a level 2 spell: Throw Flame
   728 | D:1      | Reached skill level 4 in Fire Magic
   728 | D:1      | Reached XP level 3. HP: 19/19 MP: 1/9
  1551 | D:3      | Reached XP level 4. HP: 7/24 MP: 1/11
  1651 | D:3      | Learned a level 4 spell: Sticky Flame
  1747 | D:3      | Slain by a gnoll

Skill      XL: |  1  2  3  4 |
---------------+-------------+-----
Fire Magic     | 4 |  4.3
Conjurations   | 2 3 |  3.2
Dodging        | 3 |  3.0
Fighting       | |  0.5
Short Blades   | |  0.1
Stealth        | |  2.4
Spellcasting   | |  3.9

Action                   |  1- 3 |  4- 6 || total
-------------------------+-------+-------++-------
Melee: Dagger            |     6 |       ||     6
 Cast: Flame Tongue      |    50 |    17 ||    67
       Throw Flame       |    21 |     2 ||    23
  Use: Potion            |     1 |     1 ||     2
  Eat: Chunk             |     3 |       ||     3
Armor: Robe              |     3 |       ||     3
Dodge: Dodged            |    17 |     2 ||    19
